 Dungeon Crawl Stone Soup version 0.25-a0-855-g681bda5bb4 (console) character file.

Game seed: 8228418375607437401, levelgen mode: classic

987 Duffy the Ruffian (level 7, -2/52 HPs)
             Began as a Pale Draconian Transmuter on Apr 26, 2020.
             Was a Believer of Ru.
             Slain by Majang's ghost (6 damage)
             ... on level 4 of the Dungeon.
             The game lasted 00:06:11 (5650 turns).

Duffy the Ruffian (Pale Draconian Transmuter)       Turns: 5650, Time: 00:06:11

Health: -2/52      AC:  2    Str: 12    XL:     7   Next: 97%
Magic:  8/13       EV: 19    Int: 16    God:    Ru [**....]
Gold:   155        SH:  0    Dex: 16    Spells: 9/15 levels left

rFire    . . .     SeeInvis .     - Unarmed
rCold    . . .     Gourm    .   (shield currently unavailable)
rNeg     . . .     Faith    .   (armour unavailable)
rPois    x         Spirit   .   (helmet currently unavailable)
rElec    .         Reflect  .   (cloak currently unavailable)
rCorr    +         Harm     .   (gloves currently unavailable)
MR       .....                  (boots currently unavailable)
Stlth    +.........             (no amulet)
HPRegen  0.17/turn              s - ring of resist corrosion
MPRegen  0.13/turn              r - ring of flight

@: spider-form, very slightly contaminated, studying Transmutations
A: tiny, (breathe steam), unfitting armour, unskilled 1, AC +6
a: End Transformation, Renounce Religion, Evoke Flight


You were on level 4 of the Dungeon.
You worshipped Ru.
Ru was pleased with you.
You were hungry.
You were a venomous arachnid creature.
You visited 1 branch of the dungeon, and saw 4 of its levels.

You collected 155 gold pieces.

Inventory:

Missiles
 a - 74 arrows
Armour
 m - a +0 pair of gloves (melded)
 q - a +2 cloak (melded)
Jewellery
 r - a ring of flight (right front leg)
 s - a ring of resist corrosion (left front leg)
Wands
 k - a wand of iceblast (8)
Scrolls
 b - a scroll of remove curse
 d - 3 scrolls of teleportation
 e - a scroll of fog {unknown}
 l - a scroll of enchant weapon {unknown}
 o - a scroll of enchant armour {unknown}
 p - a scroll of noise {unknown}
Potions
 f - 2 potions of brilliance
 g - a potion of invisibility {unknown}
 h - 2 potions of berserk rage
 i - 2 potions of flight
 j - a potion of curing {unknown}
 n - 2 potions of heal wounds {unknown}
 t - a potion of might {unknown}
 v - a potion of mutation
Books
 w - a manual of Transmutations
Comestibles
 c - 8 rations


   Skills:
 - Level 1.0 Fighting
 + Level 1.6 Dodging
 + Level 6.0 Unarmed Combat
 - Level 4.5 Spellcasting
 - Level 5.0 Transmutations
 - Level 0.8 Poison Magic


You had 9 spell levels left.
You knew the following spells:

 Your Spells              Type           Power        Failure   Level  Hunger
h - Spider Form           Tmut/Pois      ##........   32%         3    ###....
j - Sticks to Snakes      Tmut           ###.....     11%         2    ##.....
k - Beastly Appendage     Tmut           ###...       8%          1    None

Your spell library contained the following spells:

 Spells                   Type           Power        Failure   Level  Hunger
 Ice Form                 Ice/Tmut       ##......     71%         4    ####...
 Blade Hands              Tmut           ###.......   71%         5    ######.


Dungeon Overview and Level Annotations

Branches:
Dungeon (4/15)
 Temple: D:4-7

Altars:
Ashenzari
Ru

Annotations:
D:4 Majang's ghost, novice FoFi


Innate Abilities, Weirdness & Mutations

((You can breathe blasts of scalding, opaque steam.))
((Your pale cyan-grey scales are hard. (AC +6)))
You cannot fit into any form of body armour.
((You are cold-blooded and may be slowed by cold attacks.))
You are somewhat unskilled. (-1 Apt)


Message History

Cast which spell? (? or * to list)
You turn into a venomous arachnid creature.
Your +2 cloak melds into your body.
Your +0 pair of gloves melds into your body.
You are feeling hungry.
Majang's ghost barely misses you.
Unknown command.
You hit Majang's ghost.
Majang's ghost is almost destroyed.
Majang's ghost misses you.
You hit Majang's ghost but do no damage.
Majang's ghost is almost destroyed.
Majang's ghost hits you.
You barely miss Majang's ghost.
Majang's ghost is almost destroyed.
You have got your breath back.
You hit Majang's ghost but do no damage.
Majang's ghost is almost destroyed.
Majang's ghost hits you.
You die...

#.#.#.......#.##.########..#
#######.#.#..#.#..#..............#
.........('...#.!.#.##.########)##
#######...'.....!.#.##.## #)#
#.#.'...#...#.#.#.## #.#
##.#.#..#.#..#..###.######.#
######....#.......#.## ##.....#.#
#........)#########..###.####.#.#
#..###.%#.......Ws....#.## #.#.# #
#..###..##.####.#.######.#.# #.
#..# #.........<...........#
#..###..# ##.##.............#.###
#.....<# #.########.#####.#.#
####...# ##.# #.# #.#.# #...# #..#
.# #.#.# #...# #.######### #.#.#
#...# #.........# ....#


You could see Majang's ghost.

Vanquished Creatures
  Sigmund (D:2)
  An ogre (D:4)
  2 centaurs (D:4)
  2 scorpions (D:4)
  3 wights (D:4)
  Crazy Yiuf (D:3)
  An orc priest (D:3)
  Ijyb (D:2)
  4 orc wizards (D:3)
  8 adders
  2 oozes
  2 worms
  2 dart slugs
  5 leopard geckos
  7 orcs
  7 bats
  4 giant cockroaches
  7 goblins
  4 hobgoblins
  8 kobolds
  A quokka (D:4)
  4 frilled lizards
  6 rats
83 creatures vanquished.

Notes
Turn   | Place    | Note
-------+----------+-------------------------------------------
     0 | D:1      | Duffy the Draconian Transmuter began the quest for the Orb.
     0 | D:1      | Reached XP level 1. HP: 16/16 MP: 3/3
   387 | D:1      | Reached XP level 2. HP: 19/23 MP: 5/5
   391 | D:1      | Learned a level 2 spell: Sticks to Snakes
  1467 | D:2      | Reached XP level 3. HP: 15/28 MP: 4/6
  1603 | D:2      | Learned a level 3 spell: Spider Form
  1768 | D:2      | Found a sacrificial altar of Ru.
  1776 | D:2      | Became a worshipper of Ru the Awakened
  2288 | D:2      | Reached XP level 4. HP: 32/35 MP: 4/8
  2452 | D:3      | Noticed Ijyb
  2453 | D:3      | Noticed Sigmund
  2734 | D:2      | Killed Sigmund
  2734 | D:2      | Reached XP level 5. HP: 29/40 MP: 7/12
  2838 | D:2      | Killed Ijyb
  2838 | D:2      | Reached skill level 1 in Poison Magic
  2881 | D:3      | Reached XP level 6. HP: 42/47 MP: 9/13
  3021 | D:3      | Found a shattered altar of Ashenzari.
  3235 | D:3      | Reached skill level 4 in Unarmed Combat
  3420 | D:3      | Found a runed translucent door.
  3421 | D:3      | Noticed Crazy Yiuf
  3431 | D:3      | Killed Crazy Yiuf
  3431 | D:3      | Reached skill level 5 in Spellcasting
  4113 | D:3      | Gained mutation: You are somewhat unskilled. (-1 Apt) [Ru
                  | sacrifice]
  4113 | D:3      | Reduced skill Unarmed Combat to level 3
  4113 | D:3      | Reached * piety under Ru
  4113 | D:3      | Reached ** piety under Ru
  4134 | D:3      | Reached skill level 4 in Unarmed Combat
  4614 | D:4      | Found a runed translucent gate.
  4614 | D:4      | Found a runed translucent gate.
  4614 | D:4      | Found a runed translucent gate.
  4615 | D:4      | Noticed Majang's ghost (novice FoFi)
  4674 | D:4      | Your scales start taking on a pale cyan-grey colour.
  4674 | D:4      | Reached XP level 7. HP: 25/52 MP: 12/13
  5282 | D:4      | Reached skill level 5 in Unarmed Combat
  5282 | D:4      | Reached skill level 5 in Transmutations
  5626 | D:4      | Reached skill level 6 in Unarmed Combat
  5650 | D:4      | Slain by Majang's ghost

Levels and vault maps discovered:
D:1:      lemuel_arrival_rhombus, layout_basic
D:2:      layout_loops_ring, nicolae_ru_the_path_less_chosen,
          minmay_tiny_reverse_x
D:3:      layout_basic, first_ration, chequers_jeans,
          cheibrodos_ashenzari_chains, uniq_crazy_yiuf_cottage, uniq_sigmund,
          uniq_ijyb
D:4:      layout_loops_ring, kennysheep_slug_shrine, elyvilon_altar_4,
          gammafunk_ghost_split, chequers_serial_rivers_large_a,
          ebering_dispersal_statue_hall, minmay_manual_mares

Skill      XL: |  1  2  3  4  5  6  7 |
---------------+----------------------+-----
Spellcasting   | 4 4 |  4.5
Transmutations | 3 5 |  5.0
Poison Magic   | 1 0 |  0.8
Unarmed Combat | 4 6 |  6.0
Fighting       | |  1.0
Dodging        | |  1.6

Action                   |  1- 3 |  4- 6 |  7- 9 || total
-------------------------+-------+-------+-------++-------
Melee: Unarmed           |   164 |   135 |    72 ||   371
       Tailslap          |     8 |     6 |    14 ||    28
       Punch             |     2 |       |     1 ||     3
       Kick              |     3 |       |       ||     3
       Headbutt          |     3 |       |       ||     3
 Cast: Beastly Appendage |    11 |       |       ||    11
       Spider Form       |     2 |    15 |     1 ||    18
       Sticks to Snakes  |       |     1 |       ||     1
Invok: Sacrifice Skill   |       |     1 |       ||     1
 Abil: End Transformatio |       |     1 |     1 ||     2
       Breathe Steam     |       |       |     9 ||     9
  Use: Scroll            |     1 |     5 |       ||     6
 Stab: Sleeping          |     1 |       |       ||     1
  Eat: Chunk             |     5 |     8 |     5 ||    18
Armor: Skin              |    56 |    12 |    15 ||    83
Dodge: Dodged            |   120 |    76 |    31 ||   227

Table legend:
 A = Non-vault XP
 B = Vault XP
 C = Vault XP percentage of total XP
 D = Non-vault monster count
 E = Vault monster count
 F = Vault count percentage of total count
                 A         B        C        D         E       F
            +---------+---------+-------+---------+---------+-------
      Total |     786 |     624 |  44.3 |      73 |      10 |  12.0
            +---------+---------+-------+---------+---------+-------
        D:1 |      53 |       0 |   0.0 |      22 |       0 |   0.0
        D:2 |      46 |     271 |  85.5 |      16 |       4 |  20.0
        D:3 |     274 |      41 |  13.0 |      22 |       1 |   4.3
        D:4 |     413 |     312 |  43.0 |      13 |       5 |  27.8
            +---------+---------+-------+---------+---------+-------
